 Dungeon Sprint DCSS version 0.30-a0-476-g330ca2eb8e (webtiles) character file.

Game seed: 1965235872303960143

207 Darkkill the Covered (level 5, -4/50 HPs)
             Began as a Minotaur Artificer on Dec 21, 2022.
             Was an Initiate of Gozag.
             Slain by a cyclops (13 damage)
             ... in the Dungeon (Sprint V: "Ziggurat Sprint").
             The game lasted 00:01:03 (78 turns).

Darkkill the Covered (Minotaur Artificer)             Turns: 78, Time: 00:01:03

Health: -4/50      AC: 28    Str: 24    XL:     5   Next: 54%
Magic:  4/4        EV:  9    Int:  8    God:    Gozag
Gold:   0          SH:  0    Dex: 17    Spells: 4/4 levels left

rFire   . . .      SeeInvis +    a - +27 heavy crossbow "Sniper" {vorpal, Acc+∞ SInv}
rCold   . . .      Faith    .    (shield currently unavailable)
rNeg    . . .      Spirit   .    H - +15 Maxwell's patent armour {-Cast -Tele rElec Will+ rCorr}
rPois   .          Reflect  .    (helmet restricted)
rElec   +          Harm     .    (no cloak)
rCorr   +          Rampage  .    (no gloves)
Will    +....      NoTele   +    (no boots)
Stlth   .......... NoCast   +    (no amulet)
HPRegen 0.28/turn                x - +6 ring of dexterity
MPRegen 0.09/turn                C - +6 ring of strength

@: gold aura
A: horns 2, retaliatory headbutt
a: Renounce Religion, Potion Petition, Call Merchant, Bribe Branch


You were in the Dungeon.
You worshipped Gozag.
Gozag was noncommittal.
You visited 1 branch

Inventory:

Hand Weapons
 a - the +27 heavy crossbow "Sniper" (weapon) {vorpal, Acc+∞ SInv}
   (You found it in the Dungeon)

   Any ammunition fired from it inflicts extra damage upon your enemies.
   Any ammunition fired from it never misses its target.
   SInv:      It lets you see invisible.
 b - the +10 dark maul {vorpal}
   (You found it in the Dungeon)

   It inflicts extra damage upon your enemies.
Armour
 H - the +15 Maxwell's patent armour (worn) {-Cast -Tele rElec Will+ rCorr}
   (You found it in the Dungeon)

   rElec:     It insulates you from electricity.
   -Cast:     It prevents spellcasting.
   -Tele:     It prevents most forms of teleportation.
   rCorr:     It protects you from acid and corrosion.
   Will:      It increases your willpower.
Jewellery
 x - a +6 ring of dexterity (left hand)
 C - a +6 ring of strength (right hand)
Wands
 c - a wand of flame (15)
 d - a wand of charming (15)
 e - a wand of iceblast (12)
 u - a wand of mindburst (7)
 v - a wand of acid (7)
Scrolls
 k - 4 scrolls of blinking
 q - 4 scrolls of amnesia
 r - 7 scrolls of fog
 s - 5 scrolls of identify {@r1}
 t - 2 scrolls of fear
Potions
 f - 10 potions of curing {@q1}
 g - 10 potions of heal wounds
 h - 6 potions of haste
 i - 7 potions of magic
 j - 3 potions of berserk rage
 l - 2 potions of brilliance
 m - 2 potions of invisibility
 n - 4 potions of resistance
 o - a potion of experience
 p - 5 potions of might
Miscellaneous
 D - a lightning rod (4/4)


   Skills:
 + Level 6.2 Fighting
 + Level 6.6 Armour
 + Level 5.6 Dodging
 + Level 4.6 Stealth
 + Level 5.4 Evocations


You had 4 spell levels left.
You didn't know any spells.
Your spell library was empty.

Dungeon Overview and Level Annotations

Branches:
Dungeon (1/1)

Altars:
Ashenzari
Cheibriados
Dithmenos
Elyvilon
Fedhas
Gozag
Hepliaklqana
Kikubaaqudgha
Makhleb
Nemelex Xobeh
Okawaru
Qazlal
Ru
Sif Muna
Trog
Uskayaw
Vehumet
Wu Jian
Xom
Yredelemnul
Zin
The Shining One
Jiyva
Lugonu

Annotations:
D 1 transporter


Innate Abilities, Weirdness & Mutations

You have a pair of horns on your head.
You reflexively headbutt those who attack you in melee.


Message History

Press ? for a list of commands and other information.
Found fourteen items.
Found twelve altars.
Found a staircase leading out of the dungeon.
Found five altars.
Found two items.
Found a sparkling altar of Nemelex Xobeh and a blossoming altar of Fedhas.
l - 2 potions of brilliance;
m - 2 potions of invisibility
h - 6 potions of haste (gained 5);
n - 4 potions of resistance
o - a potion of experience;
i - 7 potions of magic (gained 5)
p - 5 potions of might
j - 3 potions of berserk rage (gained 2)
g - 10 potions of heal wounds (gained 9)
f - 10 potions of curing {@q1} (gained 9)
Found six altars.
Found a transporter.
q - 4 scrolls of amnesia;
r - 7 scrolls of fog;
s - 5 scrolls of identify {@r1}
t - 2 scrolls of fear;
k - 4 scrolls of blinking (gained 3)
u - a wand of mindburst (7)
e - a wand of iceblast (12) (gained 7 charges)
v - a wand of acid (7)
w - a ring of flight;
x - a +6 ring of dexterity;
y - a +6 ring of dexterity
z - a +6 ring of intelligence;
A - a +6 ring of intelligence
B - a +6 ring of strength;
C - a +6 ring of strength
D - a lightning rod (4/4)
E - the +6 Majin-Bo {vamp, MP+6 Int+6}
F - the +27 heavy crossbow "Sniper" {vorpal, Acc+∞ SInv}
G - the +10 dark maul {vorpal}
H - the +15 Maxwell's patent armour {-Cast -Tele rElec Will+ rCorr}
I - the +18 shield of the Gong {rElec rN+ Will+ EV-5}
J - the +14 obsidian axe {vorpal, Mesm Drain Fly SInv} You start removing your armour.
You continue taking off your +0 leather armour. x4
You finish taking off your +0 leather armour.
You start putting on your armour.
You continue putting on the +15 Maxwell's patent armour {-Cast -Tele rElec Will+ rCorr}. x5
You finish putting on the +15 Maxwell's patent armour {-Cast -Tele rElec Will+ rCorr}.
You drop the +18 shield of the Gong {rElec rN+ Will+ EV-5}.
You drop a +0 leather armour.
You drop a ring of flight.
You drop a +6 ring of intelligence. x2
You drop a +6 ring of strength.
You drop the +6 Majin-Bo {vamp, MP+6 Int+6}.
You drop the +14 obsidian axe {vorpal, Mesm Drain Fly SInv}.
Adjust to which letter? (? for menu, Esc to quit)
a - the +27 heavy crossbow "Sniper" {vorpal, Acc+∞ SInv}
F - a +0 club (weapon)
Adjust to which letter? (? for menu, Esc to quit)
b - the +10 dark maul {vorpal} You feel agile.
x - a +6 ring of dexterity (left hand)
You feel stronger.
C - a +6 ring of strength (right hand)
You drop a +6 ring of dexterity.
There is an opulent altar of Gozag here.
You kneel at the altar of Gozag.
Gozag welcomes you!
Gozag waives the service fee.
You are now empty-handed.
You drop a +0 club.
a - the +27 heavy crossbow "Sniper" (weapon)
{vorpal, Acc+∞ SInv}
b - the +10 dark maul (weapon)
{vorpal}
a - the +27 heavy crossbow "Sniper" (weapon)
{vorpal, Acc+∞ SInv}
b - the +10 dark maul (weapon)
{vorpal}
There is a viscous altar of Jiyva here.
There is a transporter here.
a - the +27 heavy crossbow "Sniper" (weapon)
{vorpal, Acc+∞ SInv} Welcome to arena 1.
You enter the transporter and appear at another place.
A cyclops and a troll come into view.
The cyclops shouts!
Found a potion of might and a +4 mace of draining.
Found a transporter.
Fire: a) +27 heavy crossbow "Sniper" {vorpal, Acc+∞ SInv}
Press: ? - help, Q - select action, (/) - cycle Shift-Dir - straight line, f - troll
Aim: a troll (100% to hit)
You shoot a bolt. The bolt hits the troll!!!
You kill the troll!
The cyclops hits you!
Ouch! That really hurt!
* * * LOW HITPOINT WARNING * * *
Your Fighting skill gained 5 levels and is now at level 6!
Your Armour skill gained 4 levels and is now at level 6!
Your Dodging skill gained 4 levels and is now at level 5!
Your Stealth skill gained 4 levels and is now at level 4!
Your Evocations skill gained 3 levels and is now at level 5!
You have reached level 2!
You have reached level 3!
Your experience leads to an increase in your attributes!
Your base attributes are Str 16, Int 8, Dex 10.
Increase (S)trength, (I)ntelligence, or (D)exterity?
You feel stronger. x2
You have reached level 4!
You feel agile.
You have reached level 5!
Fire: a) +27 heavy crossbow "Sniper" {vorpal, Acc+∞ SInv}
Press: ? - help, Q - select action, (/) - cycle Shift-Dir - straight line, f - cyclops
Aim: a cyclops, quivering large rocks (100% to hit)
You shoot a bolt. The bolt hits the cyclops!!
The cyclops is severely wounded.
The cyclops hits you!
You die...
Your body crumbles into a pile of gold.

▓▓▓▓▓▓▓
▓.8©8.▓
▓.....▓
▓.).!.▓
▓..$..▓
▓..C..▓
▓..@..▓
▓▓▓▓▓▓▓


You could see a cyclops.

Vanquished Creatures
  A troll (D)
1 creature vanquished.

Notes
Turn   | Place    | Note
-------+----------+-------------------------------------------
     0 | D        | Darkkill the Minotaur Artificer began the quest for the
                  | Orb.
     0 | D        | Reached XP level 1. HP: 16/16 MP: 0/0
     0 | D        | Found a shimmering blue altar of Sif Muna.
     0 | D        | Found a bloodstained altar of Trog.
     0 | D        | Found a sacrificial altar of Ru.
     0 | D        | Found a stormy altar of Qazlal.
     0 | D        | Found an iron altar of Okawaru.
     1 | D        | Found a sparkling altar of Nemelex Xobeh.
     1 | D        | Found a blossoming altar of Fedhas.
     1 | D        | Found the +6 Majin-Bo {vamp, MP+6 Int+6}
     1 | D        | Found the +27 heavy crossbow "Sniper" {vorpal, Acc+∞ SInv}
     1 | D        | Found the +10 dark maul {vorpal}
     1 | D        | Found the +15 Maxwell's patent armour {-Cast -Tele rElec
                  | Will+ rCorr}
     1 | D        | Found the +18 shield of the Gong {rElec rN+ Will+ EV-5}
     1 | D        | Found the +14 obsidian axe {vorpal, Mesm Drain Fly SInv}
     1 | D        | Found the +7 great mace "Firestarter" {inner flame, rF++}
     1 | D        | Found the +6 shillelagh "Devastator" {shatter}
     1 | D        | Found the +11 plutonium sword {Contam Stlth-}
     1 | D        | Found the +8 lance "Wyrmbane" {slay drac, rPois rF+ rC+
                  | AC+3}
     1 | D        | Found the +9 sword of Zonguldrok {reap}
     1 | D        | Found the +13 scythe of Curses {drain, Drain}
     1 | D        | Found the +5 sword of Power {vorpal}
     1 | D        | Found the +7 mace of Variability {chain chaos}
     1 | D        | Found the +7 Singing Sword {vorpal, sonic wave}
     1 | D        | Found the +8 storm bow {elec, penet}
     3 | D        | Found a transporter.
     3 | D        | Found an ancient bone altar of Kikubaaqudgha.
     3 | D        | Found a viscous altar of Jiyva.
     3 | D        | Found a corrupted altar of Lugonu.
     3 | D        | Found a hazy altar of Hepliaklqana.
     3 | D        | Found a burning altar of Makhleb.
     3 | D        | Found an opulent altar of Gozag.
    59 | D        | Became a worshipper of Gozag Ym Sagoz the Greedy
    76 | D        | Entered arena 2.
    76 | D        | Noticed a cyclops
    76 | D        | Noticed a troll
    76 | D        | Found a transporter.
    77 | D        | Killed a troll
    77 | D        | HP: 2/16 [cyclops (14)]
    78 | D        | Reached skill level 5 in Dodging
    78 | D        | Reached skill level 5 in Evocations
    78 | D        | Reached XP level 2. HP: 5/30 MP: 1/1
    78 | D        | Reached XP level 3. HP: 6/37 MP: 2/2
    78 | D        | Reached XP level 4. HP: 7/44 MP: 3/3
    78 | D        | Reached XP level 5. HP: 9/50 MP: 4/4
    78 | D        | Slain by a cyclops

Illustrated notes

Levels and vault maps discovered:
D:        sprint_v [room_start, room_1, room_2, room_3, room_4, room_5, room_6,
          room_7, room_8, room_9, room_10, room_11, room_12, room_13, room_14,
          room_15, room_16, room_17, room_18, room_19, room_20, room_21,
          room_22, room_23, room_24, room_25, room_26, room_27]

Skill      XL: |  1 |
---------------+----+-----
Fighting       | 6 |  6.2
Armour         | 6 |  6.6
Dodging        | 5 |  5.6
Stealth        | 4 |  4.6
Evocations     | 5 |  5.4

Action                   |  1- 3 |  4- 6 || total
-------------------------+-------+-------++-------
 Fire: Heavy crossbow    |     1 |     1 ||     2

Table legend: (Time is in decaauts)
 A = Elapsed time spent in this place.
 B = Non-inter-level travel time spent in this place.
 C = Inter-level travel time spent in this place.
 D = Time resting spent in this place.
 E = Time spent auto-exploring this place.
 F = Levels seen in this place.
 G = Mean time per level.
                   A        B        C        D        E       F      G
               +--------+--------+--------+--------+--------+-----+--------+
         Total |     76 |     76 |      0 |      0 |      0 |   1 |   76.0 |
       Dungeon |     76 |     76 |      0 |      0 |      0 |   1 |   76.0 |
               +--------+--------+--------+--------+--------+-----+--------+

Top non-repeatable levels by time:
       D: 76 daAuts

Table legend:
 A = Kills in this place as a percentage of kills in entire the game.
 B = Kills by you in this place as a percentage of kills by you in the entire game.
 C = Kills by friends in this place as a percentage of kills by friends in the entire game.
 D = Other kills in this place as a percentage of other kills in the entire game.
 E = Experience gained in this place as a percentage of experience gained in the entire game.
 F = Experience gained in this place divided by the number of levels of this place that you have seen.
                   A       B       C       D       E      F
               +-------+-------+-------+-------+-------+----------------------
         Total | 100.0 | 100.0 |   N/A |   N/A | 100.0 | 296.0
       Dungeon | 100.0 | 100.0 |   N/A |   N/A | 100.0 | 296.0
               +-------+-------+-------+-------+-------+----------------------
